 Dungeon Crawl Stone Soup version 0.30-a0-137-gd8773701ce (webtiles) character file.

Game seed: 2439341941429801457

35 Julmuri the Covered (level 3, -4/33 HPs)
             Began as a Minotaur Fighter on Sept 23, 2022.
             Slain by a goblin
             ... wielding a +0 trident
              (9 damage)
             ... on level 2 of the Dungeon.
             The game lasted 00:06:58 (1596 turns).

Julmuri the Covered (Minotaur Fighter)              Turns: 1596, Time: 00:06:58

Health: -4/33      AC:  0    Str: 22    XL:     3   Next: 17%
Magic:  2/2        EV:  7    Int:  5    God:
Gold:   56         SH: 11    Dex:  9    Spells: 2/2 levels left

rFire   . . .      SeeInvis .    a - +1 war axe
rCold   . . .      Faith    .    n - +0 tower shield
rNeg    . . .      Spirit   .    (no body armour)
rPois   .          Reflect  .    (helmet restricted)
rElec   .          Harm     .    (no cloak)
rCorr   .          Rampage  .    (no gloves)
Will    .....                    (no boots)
Stlth   +.........               (no amulet)
HPRegen 0.11/turn                (no ring)
MPRegen 0.08/turn                (no ring)

@: mighty
A: horns 2, retaliatory headbutt
a: no special abilities


You were on level 2 of the Dungeon.
You visited 1 branch of the dungeon, and saw 2 of its levels.

You collected 56 gold pieces.

Inventory:

Hand Weapons
 a - a +1 war axe (weapon)
Armour
 b - a +0 scale mail
 c - a +0 buckler
 n - a +0 tower shield (worn)
Magical Staves
 h - a staff of fire
Jewellery
 k - an amulet of regeneration
Scrolls
 g - a scroll of identify
Potions
 e - a potion of ambrosia
 i - a potion of degeneration {unknown}
 j - a potion of brilliance {unknown}
 l - a potion of attraction {unknown}
 m - a potion of haste {unknown}


   Skills:
 + Level 4.0 Fighting
 + Level 3.0 Axes
 + Level 4.3 Armour
 + Level 0.1 Stealth
 + Level 3.8 Shields


You had 2 spell levels left.
You didn't know any spells.
Your spell library contained the following spells:

 Spells                   Type           Power      Damage    Failure   Level
 Borgnjor's Revivificati  Necr           0%         N/A       100%        8
 Necromutation            Tmut/Necr      0%         N/A       100%        8
 Death's Door             Necr           0%         N/A       100%        9


Dungeon Overview and Level Annotations

Branches:
Dungeon (2/15)

Altars:


Innate Abilities, Weirdness & Mutations

You have a pair of horns on your head.
You reflexively headbutt those who attack you in melee.


Message History

The goblin hits you with a +0 trident!
You miss the goblin. You block the goblin's attack. x2
You barely miss the goblin. You headbutt the goblin.
The goblin is moderately wounded.
The goblin closely misses you. You furiously retaliate!
You headbutt the goblin, but do no damage.
The goblin hits you with a +0 trident.
You closely miss the goblin.
The goblin is moderately wounded.
The goblin hits you with a +0 trident.
* * * LOW HITPOINT WARNING * * *
You barely miss the goblin.
The goblin is moderately wounded.
You block the goblin's attack. x2
The goblin hits you from afar with a +0 trident.
* * * LOW HITPOINT WARNING * * *
Found a dagger.
A hobgoblin comes into view.
Found a square bronze amulet.
The hobgoblin shouts!
As you read the scroll labelled BOEQAH TIEQAJI, it crumbles to dust.
It is a scroll of enchant weapon.
Your +0 war axe glows red for a moment.
You block the goblin's attack.
As you read the scroll labelled OGYMIAMOURO, it crumbles to dust.
It is a scroll of identify.
e - a potion of ambrosia The goblin closely misses you.
You start putting on your amulet.
You continue putting on your amulet of regeneration.
You block the goblin's attack.
Keep equipping yourself? [Y]es or [N]o only, please.
Keep equipping yourself?
You stop putting on your amulet.
You feel very mighty all of a sudden. The goblin barely misses you.
You block the hobgoblin's attack.
You closely miss the hobgoblin. The hobgoblin hits you.
* * * LOW HITPOINT WARNING * * *
The goblin hits you from afar with a +0 trident!
You die...

##...###.#
#####.....#..#
#.........#.### #
#.###.........#####
#.# ##......#......
#.## ##.......#....
#)g# #............
##.# #.......#....
#@# #.#...#.#....
#g# #.......##...
#.# ####..####.##
#.# ... #.# ..##
... ##. ."# # ...


You could see a hobgoblin and a goblin.

Vanquished Creatures
  An adder (D:2)
  A worm (D:2)
  2 dart slugs
  An endoplasm (D:2)
  A giant cockroach (D:1)
  4 goblins
  A hobgoblin (D:1)
  A quokka (D:1)
  2 ball pythons
  A bat (D:2)
  3 kobolds
18 creatures vanquished.

Notes
Turn   | Place    | Note
-------+----------+-------------------------------------------
     0 | D:1      | Julmuri the Minotaur Fighter began the quest for the Orb.
     0 | D:1      | Reached XP level 1. HP: 19/19 MP: 0/0
   400 | D:1      | Reached XP level 2. HP: 21/27 MP: 1/1
   498 | D:1      | Found a faded altar of an unknown god.
  1269 | D:2      | Reached XP level 3. HP: 14/33 MP: 2/2
  1596 | D:2      | Slain by a goblin

Illustrated notes

Levels and vault maps discovered:
D:1:      matt_arrival_spirals, layout_loops_corners,
          dreamdust_ecumenical_altar_angels_and_demons
D:2:      layout_loops_ring

Skill      XL: |  1  2  3 |
---------------+----------+-----
Armour         | 4 |  4.3
Fighting       | 4 |  4.0
Axes           | 3 |  3.0
Stealth        | |  0.1
Shields        | |  3.8

Action                   || total
-------------------------++-------
Melee: War axe           ||    47
       Headbutt          ||     4
  Use: Scroll            ||     2
       Potion            ||     1
Armor: Scale mail        ||    10
Dodge: Dodged            ||    19
Block: Buckler           ||     4
       Tower shield      ||    19

Table legend: (Time is in decaauts)
 A = Elapsed time spent in this place.
 B = Non-inter-level travel time spent in this place.
 C = Inter-level travel time spent in this place.
 D = Time resting spent in this place.
 E = Time spent auto-exploring this place.
 F = Levels seen in this place.
 G = Mean time per level.
                   A        B        C        D        E       F      G
               +--------+--------+--------+--------+--------+-----+--------+
         Total |   1618 |   1566 |     52 |    171 |   1048 |   2 |  809.0 |
       Dungeon |   1618 |   1566 |     52 |    171 |   1048 |   2 |  809.0 |
               +--------+--------+--------+--------+--------+-----+--------+

Top non-repeatable levels by time:
     D:1: 1159 daAuts
     D:2: 458 daAuts
